 Dungeon Crawl Stone Soup version 0.31-a0-636-ge1c0e020e0 (webtiles) character file.

Game seed: 10035599833992239970

3794 thirtiethelement the Poker (level 9, -9/68 HPs)
             Began as a Demonspawn Fighter on Aug 27, 2023.
             Mangled by a skeletal warrior
             ... wielding a +0 battleaxe
              (23 damage)
             ... on level 7 of the Dungeon.
             The game lasted 00:18:19 (6991 turns).

thirtiethelement the Poker (Demonspawn Fighter)     Turns: 6991, Time: 00:18:20

Health: -9/68      AC: 14    Str: 25    XL:     9   Next: 96%
Magic:  12/12      EV: 11    Int: 13    God:
Gold:   452        SH:  9    Dex:  4    Spells: 10/12 levels left

rFire   + + .        B - +7 spear (elec)
rCold   . . .        c - +0 buckler
rNeg    + . .        M - +5 ring mail "Pothresa" {rPois rF++ Int+4 Dex-4}
rPois   +            r - +0 helmet
rElec   .            b - +0 cloak
rCorr   .            u - +0 pair of gloves
SInv    .            (no boots)
Will    .....        h - amulet of reflection
Stlth   +            A - ring of poison resistance
HPRegen 0.31/turn    D - ring of Liberty {rPois rN+ Str+3 Dex-4}
MPRegen 0.13/turn

%: reflection
@: studying Ice Magic
A: powered by pain 2, spiny 2, sturdy frame 1
a: no special abilities


You were on level 7 of the Dungeon.
You visited 2 branches of the dungeon, and saw 9 of its levels.
You also visited: Sewer.

You collected 452 gold pieces.

Inventory:

Hand Weapons
 a - a +0 war axe
 B - a +7 spear of electrocution (weapon)
Missiles
 z - a throwing net (quivered)
 E - 11 poisoned darts
 L - a curare-tipped dart
Armour
 b - a +0 cloak (worn)
 c - a +0 buckler (worn)
 f - a scarf of repulsion
 r - a +0 helmet (worn)
 u - a +0 pair of gloves (worn)
 M - the +5 ring mail "Pothresa" (worn) {rPois rF++ Int+4 Dex-4}
   (You found it on level 7 of the Dungeon)

   Int+4:     It affects your intelligence (+4).
   Dex-4:     It affects your dexterity (-4).
   rF++:      It greatly protects you from fire.
   rPois:     It protects you from poison
Jewellery
 e - an amulet of faith
 h - an amulet of reflection (around neck)
 w - an amulet of the acrobat
 A - a ring of poison resistance (left hand)
 D - the ring of Liberty (right hand) {rPois rN+ Str+3 Dex-4}
   (You found it on level 5 of the Dungeon)

   [ring of poison resistance]

   Str+3:     It affects your strength (+3).
   Dex-4:     It affects your dexterity (-4).
   rPois:     It protects you from poison rN+: It protects you from negative
   energy.
 G - a ring of flight
Wands
 y - a wand of flame (6)
 C - a wand of charming (5)
Scrolls
 g - 6 scrolls of teleportation
 k - 2 scrolls of amnesia
 m - a scroll of torment
 q - a scroll of poison {unknown}
 s - 2 scrolls of blinking
 t - 3 scrolls of enchant weapon
 v - 2 scrolls of revelation
 x - a scroll of vulnerability
 F - a scroll of summoning
 H - a scroll of fog
 J - a scroll of immolation
Potions
 d - 2 potions of might
 i - 2 potions of attraction
 j - 4 potions of heal wounds
 l - 2 potions of ambrosia
 n - 5 potions of curing
 o - a potion of resistance
 p - 4 potions of brilliance
 I - a potion of mutation {unknown}
 K - a potion of lignification {unknown}


   Skills:
 + Level 5.6 Fighting
 + Level 5.1(6.8) Axes
 + Level 6.8(7.6) Polearms
 + Level 0.2 Throwing
 + Level 5.3 Armour
 + Level 3.4 Dodging
 + Level 2.8 Stealth
 + Level 5.4 Shields
 + Level 2.0 Spellcasting
 + Level 2.0 Hexes
 + Level 2.1 Ice Magic


You had 10 spell levels left.
You knew the following spells:

 Your Spells              Type           Power      Damage    Failure   Level
a - Ensorcelled Hibernat  Hex/Ice        12%        N/A       22%         2

Your spell library contained the following spells:

 Spells                   Type           Power      Damage    Failure   Level
 Blink                    Tloc           2%         N/A       47%         2
 Cigotuvi's Dreadful Rot  Necr/Pois/Air  2%         N/A       47%         2
 Lesser Beckoning         Tloc           2%         N/A       47%         2
 Momentum Strike          Conj/Tloc      2%         3d8       47%         2
 Passwall                 Tmut/Erth      0%         N/A       47%         2
 Scorch                   Fire           2%         2d5       47%         2
 Swiftness                Air            1%         N/A       71%         3
 Dispel Undead            Necr           1%         3d6       98%         4
 Flame Wave               Conj/Fire      1%         2d4       98%         4
 Olgreb's Toxic Radiance  Pois           1%         N/A       98%         4
 Death Channel            Necr           0%         N/A       100%        6
 Summon Cactus Giant      Summ           0%         N/A       100%        6
 Discord                  Hex            3%         N/A       100%        8
 Ignition                 Fire           0%         3d3       100%        8


Dungeon Overview and Level Annotations

Branches:
Dungeon (8/15)             Temple (1/1) D:7           Sewer (visited)
   Lair: D:8-11

Altars:
Ashenzari
Cheibriados
Dithmenos
Fedhas
Gozag
Hepliaklqana
Kikubaaqudgha
Nemelex Xobeh
Okawaru
Qazlal
Ru
Sif Muna
Trog
Vehumet
Wu Jian
Xom
Yredelemnul

Shops:
D:6 :

Annotations:
D:7 3 runed translucent doors, bjtr's ghost, novice GrEE


Innate Abilities, Weirdness & Mutations

You sometimes gain power by taking damage.
You are mostly covered in sharp spines.
Your movements are slightly less encumbered by armour. (ER -2)


Message History

You reach to attack!
You closely miss the skeletal warrior.
The skeletal warrior is almost destroyed.
The skeletal warrior hits you from afar with a +0 halberd!
* * * LOW HITPOINT WARNING * * *
Reach: B) +7 spear (elec)
Press: ? - help, Dir - move target, f/p - skeletal warrior
Aim: a skeletal warrior, wielding a +0 halberd (almost destroyed, about 32% to evade your +7 spear of electrocution)
You reach to attack!
You puncture the skeletal warrior!
You destroy the skeletal warrior!
Your Spellcasting skill increases to level 2!
Your Hexes skill increases to level 2!
Your Ice Magic skill increases to level 2!
You enter a teleport trap!
The teleport trap disappears.
Your surroundings suddenly seem different.
You start resting.
Magic restored.
You start resting.
A skeletal warrior is nearby!
There is a stone staircase leading up here.
A skeletal warrior is nearby!
Throw: 2 throwing nets
Press: ? - help, Q - select action, (/) - cycle Shift-Dir - straight line, f - skeletal warrior
Aim: a skeletal warrior, wielding a +0 battleaxe (47% to hit)
You throw a throwing net.
The throwing net barely misses the skeletal warrior.
The throwing net hits the skeletal warrior.
The skeletal warrior is caught in the net!
The skeletal warrior is struck by your spines.
The skeletal warrior hits you with a +0 battleaxe!
* * * LOW HITPOINT WARNING * * *
The skeletal warrior struggles against the net.
The skeletal warrior hits you but does no damage.
The skeletal warrior struggles against the net.
You climb upwards.
Level annotation: 3 runed translucent doors, bjtr's ghost, novice GrEE
There is a stone staircase leading down here.
You hit the skeletal warrior but do no damage.
The skeletal warrior is lightly damaged.
The skeletal warrior hits you with a +0 battleaxe!!
You die...

#.........# #.# #.#
........#####.# ##.##
####..........# #....
..~###..#####.# #..##
..≈≈≈##)## #.# #..# ~~≈≈≈≈#).#
#.# #..# ~~≈≈≈≈#.)####.####
####..# .~~≈≈≈#.........z#
#.[...# ~.≈≈≈≈#........#@#
#.##.## .~~≈≈≈#..#####...#
#.##.# ~~≈≈≈##.....###.##
#.##.# ..≈###(..##.# #.#
#.##.# ###########.# #.#
#.##.# ....# #.# #.# #.#..#
###.# #.# #.# #.#.## #
#.#######.###.# #.#.#
###....>.....##)##########.#.#


You could see a skeletal warrior.

Vanquished Creatures
  A skeletal warrior (D:8)
  The ghost of Fractals the Trooper, an amateur HOFi of Beogh (D:4)
  A hornet (D:6)
  A steam dragon (D:7)
  An orc warrior (D:7)
  3 ice beasts
  2 sky beasts (D:7)
  A black bear (D:4)
  2 centaurs
  3 bullfrogs
  5 kobold brigands
  4 scorpions
  4 howler monkeys
  3 jellies
  2 orc priests (D:7)
  5 hounds
  A sleepcap (D:4)
  Jessica (D:2)
  8 orc wizards
  13 gnolls
  13 adders
  2 shadow imps
  A white imp (D:5)
  2 worms
  3 dart slugs
  24 orcs
  8 endoplasms
  4 giant cockroaches
  9 goblins
  8 hobgoblins
  8 quokkas
  13 ball pythons
  5 bats
  A frilled lizard (D:1)
  31 kobolds
  12 rats
206 creatures vanquished.

Vanquished Creatures (others)
  An orc wizard (D:8)
1 creature vanquished.

Grand Total: 207 creatures vanquished

Notes
Turn   | Place    | Note
-------+----------+-------------------------------------------
     0 | D:1      | thirtiethelement the Demonspawn Fighter began the quest for
                  | the Orb.
     0 | D:1      | Reached XP level 1. HP: 18/18 MP: 1/1
   262 | D:1      | Gained mutation: You are partially covered in sharp spines.
                  | [demonic ancestry]
   262 | D:1      | Reached XP level 2. HP: 23/24 MP: 2/2
   372 | D:1      | You fall into a shaft and drop 1 floor!
   767 | D:1      | Gained mutation: You are mostly covered in sharp spines.
                  | [demonic ancestry]
   767 | D:1      | Reached XP level 3. HP: 5/29 MP: 3/3
  1228 | D:2      | Found a sparkling altar of Nemelex Xobeh.
  1324 | D:2      | Noticed Jessica
  1329 | D:2      | Killed Jessica
  1330 | D:2      | Reached XP level 4. HP: 25/35 MP: 4/4
  1482 | D:2      | Gained mutation: You sometimes gain a little power by
                  | taking damage. [demonic ancestry]
  1482 | D:2      | Reached XP level 5. HP: 15/41 MP: 5/5
  2066 | D:3      | Reached skill level 1 in Dodging
  2637 | D:4      | Reached skill level 1 in Stealth
  2637 | D:4      | Gained mutation: You sometimes gain power by taking damage.
                  | [demonic ancestry]
  2637 | D:4      | Reached XP level 6. HP: 45/48 MP: 6/6
  2709 | D:4      | Found a transporter.
  2710 | D:4      | Found a transporter.
  2747 | D:4      | Noticed Fractals's ghost (amateur HOFi)
  2779 | D:4      | Killed Fractals's ghost
  2780 | D:4      | Gained mutation: Your movements are slightly less
                  | encumbered by armour. (ER -2) [demonic ancestry]
  2780 | D:4      | Reached XP level 7. HP: 15/54 MP: 7/7
  2798 | D:4      | Learned a level 2 spell: Ensorcelled Hibernation
  3248 | D:4      | Reached skill level 1 in Polearms
  3288 | D:4      | Reached skill level 5 in Axes
  3740 | D:5      | Entered Level 5 of the Dungeon
  3750 | D:5      | Reached skill level 2 in Polearms
  3750 | D:5      | Reached XP level 8. HP: 45/61 MP: 7/9
  3859 | D:5      | Reached skill level 1 in Spellcasting
  3982 | D:5      | Identified the ring of Liberty {rPois rN+ Str+3 Dex-4}
  4015 | D:5      | Reached skill level 3 in Polearms
  4262 | D:6      | Found Cuewak's Self-Published Books.
  4277 | D:6      | Noticed a hornet
  4284 | D:6      | Killed a hornet
  4472 | D:6      | Found a glowing drain.
  4486 | Sewer    | Entered a sewer
  4866 | Sewer    | Reached skill level 4 in Polearms
  5106 | D:6      | Reached skill level 5 in Fighting
  5154 | D:6      | Identified the +10 short sword "Vasiy" {holy, +Blink Str+2}
  5354 | D:7      | Reached skill level 1 in Hexes
  5361 | D:7      | Reached XP level 9. HP: 50/68 MP: 10/10
  5466 | D:7      | Reached skill level 5 in Polearms
  5496 | D:7      | Reached skill level 5 in Shields
  5606 | D:7      | Identified the +5 ring mail "Pothresa" {rPois rF++ Int+4
                  | Dex-4}
  5631 | D:7      | Reached skill level 5 in Armour
  5631 | D:7      | Reached skill level 1 in Ice Magic
  6043 | D:7      | Found a staircase to the Ecumenical Temple.
  6117 | D:7      | Found a runed translucent gate.
  6118 | D:7      | Found a runed translucent gate.
  6119 | D:7      | Found a runed translucent gate.
  6121 | D:7      | Noticed bjtr's ghost (novice GrEE)
  6121 | D:7      | Noticed a kobold demonologist
  6261 | Temple   | Entered the Ecumenical Temple
  6577 | D:8      | Reached skill level 6 in Polearms
  6917 | D:8      | Noticed a skeletal warrior
  6917 | D:8      | Noticed a skeletal warrior
  6935 | D:8      | Noticed a skeletal warrior
  6940 | D:8      | Noticed a skeletal warrior
  6942 | D:8      | Noticed a skeletal warrior
  6953 | D:8      | Killed a skeletal warrior
  6991 | D:7      | Mangled by a skeletal warrior

Illustrated notes

Levels and vault maps discovered:
D:1:      dpeg_arrival_tiny_i, layout_loops_ring, hangedman_decor_riveting
D:2:      layout_basic, basic_altar, kennysheep_jessica_study
D:3:      layout_rooms
D:4:      layout_loops_ring, gammafunk_ghost_gnarly_gnolls, nzn_random_ring
D:5:      layout_basic, chequers_serial_rivers_micro_d, st_stairs_3
D:6:      layout_basic, gup_sewer_entry_bubbles, nicolae_custom_books,
          minivault_26
D:7:      layout_loops_ring, minmay_temple_entry_nine_rooms,
          gammafunk_ghost_nasty_kobolds, nicolae_underground_beach
D:8:      layout_loops_corners, grunt_temple_overflow_open
Temple:   nicolae_temple_bog_church

Skill      XL: |  1  2  3  4  5  6  7  8  9 |
---------------+----------------------------+-----
Axes           | 2 3 4 5 |  5.1
Armour         | 3 4 5 |  5.3
Shields        | 3 4 5 |  5.4
Dodging        | 1 2 3 |  3.4
Stealth        | 1 2 |  2.8
Fighting       | 4 5 |  5.6
Polearms       | 2 4 6 |  6.8
Spellcasting   | 1 2 |  2.0
Hexes          | 1 2 |  2.0
Ice Magic      | 2 |  2.1
Throwing       | |  0.2

Action                     |  1- 3 |  4- 6 |  7- 9 || total
---------------------------+-------+-------+-------++-------
  Melee: War axe           |    68 |    94 |     2 ||   164
         Spear             |       |       |   328 ||   328
  Throw: Throwing net      |       |     1 |     2 ||     3
   Cast: Ensorcelled Hiber |       |       |     3 ||     3
    Use: Scroll            |       |     3 |    12 ||    15
         Potion            |       |     1 |     3 ||     4
   Stab: Held in net/web   |       |       |     1 ||     1
         Sleeping          |       |       |     1 ||     1
 Armour: Scale mail        |    28 |    21 |    17 ||    66
         Chain mail        |       |       |    20 ||    20
         Ring mail         |       |       |    17 ||    17
  Dodge: Dodged            |    22 |    29 |    42 ||    93
         Repelled          |     1 |     1 |       ||     2
  Block: Buckler           |    30 |    55 |    73 ||   158
         Reflection        |     1 |     5 |     7 ||    13

Table legend: (Time is in decaauts)
 A = Elapsed time spent in this place.
 B = Non-inter-level travel time spent in this place.
 C = Inter-level travel time spent in this place.
 D = Time resting spent in this place.
 E = Time spent auto-exploring this place.
 F = Levels seen in this place.
 G = Mean time per level.
                   A        B        C        D        E       F      G
               +--------+--------+--------+--------+--------+-----+--------+
         Total |   7081 |   6810 |    271 |    447 |   4904 |  10 |  708.1 |
       Dungeon |   6562 |   6292 |    270 |    247 |   4735 |   8 |  820.2 |
        Temple |      7 |      7 |      0 |      0 |      0 |   1 |    7.0 |
         Sewer |    511 |    511 |      0 |    200 |    169 |   1 |  511.0 |
               +--------+--------+--------+--------+--------+-----+--------+

Top non-repeatable levels by time:
     D:4: 1211 daAuts
     D:2: 1189 daAuts
     D:7: 979 daAuts
     D:1: 915 daAuts
     D:6: 654 daAuts
     D:8: 629 daAuts
   Sewer: 511 daAuts
     D:5: 493 daAuts
     D:3: 489 daAuts
  Temple: 7 daAuts
